 Dungeon Crawl Stone Soup version 0.30.0-5-g1a98f26d00 (webtiles) character file.

Game seed: 17572945267577380307

98 Edyrem the Magician (level 4, 0/24 HPs)
             Began as a Deep Elf Earth Elementalist on May 10, 2023.
             Slain by an orc wizard
             ... wielding a +0 dagger
              (2 damage)
             ... on level 3 of the Dungeon.
             The game lasted 00:06:35 (1712 turns).

Edyrem the Magician (Deep Elf Earth Elementalist)   Turns: 1712, Time: 00:06:36

Health: 0/24       AC:  3    Str:  5    XL:     4   Next: 43%
Magic:  10/13      EV: 12    Int: 22    God:
Gold:   70         SH:  0    Dex: 15    Spells: 8/14 levels left

rFire   . . .        a - +4 dagger
rCold   . . .        (no shield)
rNeg    . . .        e - +0 robe
rPois   .            m - +0 helmet
rElec   .            (no cloak)
rCorr   .            (no gloves)
SInv    .            (no boots)
Will    .....        h - amulet of the acrobat
Stlth   ++           (no ring)
HPRegen 0.24/turn    (no ring)
MPRegen 0.13/turn

%: acrobat
@: no status effects
A: no striking features
a: no special abilities


You were on level 3 of the Dungeon.
You visited 1 branch of the dungeon, and saw 3 of its levels.

You collected 98 gold pieces.
You spent 28 gold pieces at shops.

Inventory:

Hand Weapons
 a - a +4 dagger (weapon)
 b - a +0 sling
 p - a +2 short sword of flaming
Armour
 e - a +0 robe (worn)
 f - a +0 kite shield
 m - a +0 helmet (worn)
Jewellery
 h - an amulet of the acrobat (around neck)
Scrolls
 c - 3 scrolls of identify {@r1}
 g - 2 scrolls of butterflies {unknown}
 i - a scroll of magic mapping {unknown}
 j - 4 scrolls of noise {unknown}
 o - a scroll of blinking {unknown}
Potions
 d - a potion of invisibility {unknown}
 k - 2 potions of mutation {unknown}
 l - a potion of degeneration {unknown}
 n - a potion of magic


   Skills:
 - Level 2.4 Dodging
 + Level 3.6 Stealth
 + Level 5.8 Spellcasting
 - Level 1.1 Transmutations
 - Level 3.2 Earth Magic


You had 8 spell levels left.
You knew the following spells:

 Your Spells              Type           Power      Damage    Failure   Level
a - Sandblast             Erth           40%        2d10      2%          1
b - Stone Arrow           Conj/Erth      26%        3d8       14%         3
c - Ensorcelled Hibernat  Hex/Ice        12%        N/A       14%         2

Your spell library contained the following spells:

 Spells                   Type           Power      Damage    Failure   Level
 Passwall                 Tmut/Erth      13%        N/A       6%          2
 Magic Dart               Conj           24%        1d4       10%         1
 Call Imp                 Summ           12%        N/A       14%         2
 Spider Form              Tmut/Pois      8%         N/A       22%         3
 Mephitic Cloud           Conj/Pois/Air  6%         N/A       28%         3
 Petrify                  Tmut/Erth      16%        N/A       36%         4
 Anguish                  Hex/Necr       3%         N/A       67%         4


Dungeon Overview and Level Annotations

Branches:
Dungeon (3/15)

Altars:

Shops:
D:2 [?


Message History

You're too confused to cast spells.
You're too confused to cast spells.
You're too confused to move!
The orc wizard mumbles some strange words.
The orc wizard flickers and vanishes!
Deactivating autopickup; reactivate with Ctrl-A.
The orc completely misses you. Something misses you.
The orc completely misses you. Something barely misses you.
The orc hits you with a +0 flail.
You hit the orc.
The orc is moderately wounded.
You feel less confused. The orc hits you with a +0 flail.
Something hits you but does no damage. The orc hits you with a +0 flail.
You miss something. The orc barely misses you. Something hits you.
The orc hits you with a +0 flail.
You miss something. Something hits you. The orc misses you.
The orc hits you but does no damage.
Aiming: Sandblast (safe; 2% risk of failure)
Press: ? - help, Q - select action, (/) - cycle Shift-Dir - straight line The blast of sand hits something!
Something barely misses you. The orc hits you but does no damage.
The orc barely misses you.
Aiming: Sandblast (safe; 2% risk of failure)
Press: ? - help, Q - select action, (/) - cycle Shift-Dir - straight line, f - orc
Aim: an orc, wielding a +0 flail and wearing a +0 leather armour (lightly wounded, 83% to hit)
The blast of sand hits the orc!
You kill the orc!
Something hits you but does no damage. The orc closely misses you.
The orc hits you with a +0 flail!
* * * LOW HITPOINT WARNING * * *
You hear some strange, mumbled words.
Something tries to affect you, but you resist.
Aiming: Sandblast (safe; 2% risk of failure)
Press: ? - help, Q - select action, (/) - cycle Shift-Dir - straight line, f - orc
Aim: an orc, wielding a +0 flail (83% to hit)
The blast of sand hits the orc!
You kill the orc!
Something hits you.
You die...

.........#
.........#
.........#####.
...............
.....<........
............
#){........
#@)........
#..........
#..........
#.........#
#$.<......#
###########


There were no monsters in sight!

Vanquished Creatures
  4 adders (D:2)
  2 worms (D:2)
  2 dart slugs (D:1)
  2 orcs (D:3)
  3 ball pythons
  6 endoplasms
  4 giant cockroaches
  5 goblins
  2 hobgoblins
  2 jackals (D:1)
  A quokka (D:1)
  5 bats
  3 frilled lizards (D:1)
  2 kobolds
  10 rats
53 creatures vanquished.

Notes
Turn   | Place    | Note
-------+----------+-------------------------------------------
     0 | D:1      | Edyrem the Deep Elf Earth Elementalist began the quest for
                  | the Orb.
     0 | D:1      | Reached XP level 1. HP: 10/10 MP: 6/6
   162 | D:1      | Reached skill level 4 in Spellcasting
   162 | D:1      | Reached XP level 2. HP: 15/15 MP: 6/9
   377 | D:1      | Reached XP level 3. HP: 19/19 MP: 6/11
   440 | D:1      | Reached skill level 5 in Spellcasting
   627 | D:1      | Learned a level 2 spell: Ensorcelled Hibernation
   631 | D:1      | Learned a level 3 spell: Stone Arrow
  1300 | D:2      | Found Dukappeu's Antique Armour Boutique.
  1307 | D:2      | Reached XP level 4. HP: 24/24 MP: 10/13
  1317 | D:2      | Found Honaczoi's Magic Scroll Shoppe.
  1349 | D:2      | Bought a scroll of identify for 28 gold pieces
  1712 | D:3      | Slain by an orc wizard

Illustrated notes

Levels and vault maps discovered:
D:1:      minmay_arrival_plants_in_alcoves, layout_loops_ring, st_stairs_9,
          minmay_rat_gold_closets
D:2:      minmay_chambers_of_ones, layout_rooms, serial_corexii_hall,
          chequers_hall_statues_wall_a, corexii_hall_statues_l, serial_shops,
          shop_scrolls, nicolae_square_shop, grunt_decor_junction,
          grunt_ministairs_4
D:3:      layout_basic, lightli_temple_of_fire, ebering_ghost_disaster_area,
          serial_shops, nicolae_shop_hallway_plus

Skill      XL: |  1  2  3 |
---------------+----------+-----
Spellcasting   | 4 5 |  5.8
Stealth        | 3 |  3.6
Dodging        | |  2.4
Transmutations | |  1.1
Earth Magic    | |  3.2

Action                     |  1- 3 |  4- 6 || total
---------------------------+-------+-------++-------
  Melee: Dagger            |    14 |     6 ||    20
   Cast: Sandblast         |    42 |    13 ||    55
         Stone Arrow       |     1 |       ||     1
   Stab: Sleeping          |     4 |       ||     4
 Armour: Robe              |     2 |     5 ||     7
  Dodge: Dodged            |    13 |    14 ||    27
